 Dungeon Crawl Stone Soup version 0.20.1-1-g8b1a95d (webtiles) character file.

44 n0claF the Skirmisher (level 3, 0/29 HPs)
             Began as a Demonspawn Abyssal Knight on Oct 30, 2017.
             Was a Believer of Lugonu.
             Slain by Sigmund
             ... wielding a +0 scythe
              (2 damage)
             ... on level 2 of the Dungeon.
             The game lasted 00:03:45 (873 turns).

n0claF the Skirmisher (Demonspawn Abyssal Knight)    Turns: 873, Time: 00:03:46

Health: 0/29       AC: 13    Str: 13    XL:     3   Next: 39%
Magic:  0/4        EV:  3    Int: 13    God:    Lugonu [**....]
Gold:   56         SH:  0    Dex: 12    Spells: 2/2 levels left

rFire    . . .     SeeInvis .   a - +1 falchion
rCold    . . .     Gourm    .   (no shield)
rNeg     . . .     Faith    .   l - +0 plate armour (curse)
rPois    .         Spirit   +   (no helmet)
rElec    .         Reflect  .   k - +2 cloak
rCorr    .         Harm     .   (no gloves)
MR       .....                  (no boots)
Stlth    ..........             g - amulet of guardian spirit
Regen    0.1/turn               (no ring)
MPRegen  0.1/turn               (no ring)

@: no status effects
A: nightstalker 1
a: Depart the Abyss, Bend Space, Renounce Religion


You were on level 2 of the Dungeon.
You worshipped Lugonu.
Lugonu was pleased with you.
You were not hungry.

You visited 1 branch of the dungeon, and saw 2 of its levels.
You visited the Abyss 1 time.

You collected 56 gold pieces.

Inventory:

Hand Weapons
 a - a +1 falchion (weapon)
Armour
 b - a +0 leather armour
 k - a +2 cloak (worn)
 l - a cursed +0 plate armour (worn)
Jewellery
 g - an amulet of guardian spirit (around neck)
Scrolls
 e - a scroll of fear {unknown}
 f - a scroll of identify {unknown}
Potions
 d - 2 potions of lignification {unknown}
 h - 2 potions of curing {unknown}
 i - a potion of invisibility {unknown}
 j - a potion of mutation {unknown}
 m - a potion of agility {unknown}
Comestibles
 c - a bread ration


   Skills:
 + Level 3.5 Fighting
 + Level 2.7 Long Blades
 + Level 2.0 Armour
 + Level 0.8 Dodging
 + Level 2.6 Invocations


You had 2 spell levels left.
You didn't know any spells.

Dungeon Overview and Level Annotations

Branches:
Dungeon (2/15)

Altars:

Annotations:
D:2 Sigmund


Innate Abilities, Weirdness & Mutations

You are slightly more attuned to the shadows.


Message History

You barely miss something.
You hear some strange, mumbled words.
A puff of flame appears from out of thin air!
The puff of flame misses you.
You closely miss something.
You hear some strange, mumbled words.
You are confused.
Something hits you but does no damage.
Your plate armour prevents you from hitting something.
You miss something. Something hits you.
* * * LOW HITPOINT WARNING * * *
Something hits you but does no damage. Something hits you but does no damage.
Something hits you but does no damage.
You feel less confused. Something hits you but does no damage.
Your plate armour prevents you from hitting something.
Something hits you but does no damage.
You closely miss something. Something hits you.
You die...

##### . ##...##
..#..#..# $[.###.#
#..#.. ###...##########
#......@........
...#....{.....#####.
#..#..#.............. ..
#...###............# ...
.....#............>#
.....#>................#
....##...............#
.....................# .
....#..........[...#.#
##.


There were no monsters in sight!

Vanquished Creatures
  A dart slug (D:1)
  2 leopard geckos (D:1)
  5 giant cockroaches
  3 goblins
  4 hobgoblins
  6 jackals (D:2)
  4 kobolds
  A quokka (D:2)
  4 bats (D:1)
  2 frilled lizards
  2 rats (D:1)
34 creatures vanquished.

Notes
Turn   | Place    | Note
-------+----------+-------------------------------------------
     0 | Abyss:1  | n0claF the Demonspawn Abyssal Knight began the quest for the Orb.
     0 | Abyss:1  | Reached XP level 1. HP: 18/18 MP: 2/2
    11 | D:1      | Escaped the Abyss
   258 | D:1      | Gained mutation: You are slightly more attuned to the shadows. [demonic ancestry]
   258 | D:1      | Reached XP level 2. HP: 17/24 MP: 3/3
   525 | D:2      | Reached ** piety under Lugonu
   529 | D:2      | Reached XP level 3. HP: 15/29 MP: 4/4
   826 | D:2      | Noticed Sigmund
   865 | D:2      | HP: 1/29 [something (5)]
   873 | D:2      | Slain by Sigmund

Skill      XL: |  1  2  3 |
---------------+----------+-----
Long Blades    | 2 |  2.7
Armour         | 2 |  2.0
Fighting       | |  3.5
Dodging        | |  0.8
Invocations    | |  2.6

Action                   || total
-------------------------++-------
Melee: Falchion          ||   137
 Stab: Sleeping          ||     3
Armor: Leather armour    ||    13
       Plate armour      ||   135
Dodge: Dodged            ||    57
       Rpst.: Falchion   ||    19
